 Dungeon Crawl Stone Soup version 0.31-a0-851-g7ff8af7976 (webtiles) character file.

Game seed: 4930074199078194358

65 MachoJfn the Ruffian (level 4, -1/32 HPs)
             Began as a Djinni Shapeshifter on Oct 6, 2023.
             Was an Initiate of Ashenzari.
             Slain by relicbr's ghost (10 damage)
             ... on level 3 of the Dungeon.
             The game lasted 00:10:31 (2753 turns).

MachoJfn the Ruffian (Djinni Shapeshifter)          Turns: 2753, Time: 00:10:32

Health: -1/32      AC:  3    Str: 15    XL:     4   Next: 35%
Gold:   160        EV: 12    Int: 11    God:    Ashenzari [......] SH:  0 Dex: 13

rFire   + + .        g - staff of Supernal Knowledge (curse) {rN+ Necro, Dev, Self} (curse)
rCold   x . .        (no shield)
rNeg    + . .        f - +0 leather armour
rPois   ∞            (helmet currently unavailable)
rElec   .            (cloak currently unavailable)
rCorr   .            (gloves currently unavailable)
SInv    .            (boots unavailable)
Will    .....        (no amulet)
Stlth   +            (no ring)
HPRegen 0.25/turn    (no ring)
MPRegen 0.00/turn

%: infuse magic (-2 HP)
@: beast-form, flying
A: beast (slay +2), flying, sickness immunity, fire resistance 2, cold
vulnerability 1, float, innate caster, HP casting, extra vitality 1
a: Begin Untransformation, Renounce Religion, Shatter the Chains


You were on level 3 of the Dungeon.
You worshipped Ashenzari.
Ashenzari was noncommittal.
You were a hulking beast.
You visited 1 branch of the dungeon, and saw 3 of its levels.

You collected 160 gold pieces.

Inventory:

Missiles
 h - 25 stones
Armour
 f - a +0 leather armour (worn)
Magical Staves
 g - the cursed staff of Supernal Knowledge (weapon) {rN+ Necro, Dev, Self}
   (You found it on level 1 of the Dungeon)

   [staff of death]

   Base accuracy: +5 Base damage: 5 Base attack delay: 1.2 This weapon's minimum
   attack delay (0.6) is reached at skill level 12.
   rN+:       It protects you from negative energy.
   Necro:     It increases the power of your Necromancy spells.
   It falls into the 'Staves' category.
   It is a one-handed weapon.
   It has a curse which improves the following skills: Devices: Evocations and
   Shapeshifting.
   Introspection: Fighting and Spellcasting.
Talismans
 c - a beast talisman (active)
 d - a flux talisman
Scrolls
 i - a scroll of enchant weapon
 j - a scroll of vulnerability
 n - a scroll of immolation
 o - 2 scrolls of fear
Potions
 a - a potion of degeneration
 b - a potion of lignification
 e - a potion of enlightenment
 k - a potion of haste
 l - a potion of curing


   Skills:
 + Level 1.3(1.6) Fighting
 + Level 0.9 Staves
 + Level 0.2 Armour
 + Level 2.7 Dodging
 + Level 0.4 Stealth
 + Level 3.5 Unarmed Combat
 + Level 3.2(3.6) Shapeshifting


You knew the following spells:

 Your Spells              Type           Power      Damage    Failure   Level
a - Necrotise             Necr           0%         1d4       41%         1
Your spell library was empty.

Dungeon Overview and Level Annotations

Branches:
Dungeon (3/15)

Altars:
Ashenzari
Dithmenos

Annotations:
D:3 relicbr's ghost, amateur KoFi


Innate Abilities, Weirdness & Mutations

You are a hulking beast.
Your limbs bulge with bestial killing power. (Slay +2)
You are flying.
You are immune to sickness and miasma.
You are immune to poison.
Your flesh is very heat resistant. (rF++)
You are vulnerable to cold. (rC-)
You float through the air rather than walking.
You learn spells naturally, not from books.
Your magical power is your life essence.
You have superior vitality. (+4 MHP)


Message History

A ball python simulacrum comes into view.
A relicbr's ghost, an adder simulacrum and a ball python simulacrum come into view.
Found a ring of fire and 5 poisoned darts.
Relicbr's ghost turns its malevolent gaze towards you.
Relicbr's ghost moves out of view.
The adder simulacrum moves out of view.
You hit the ball python simulacrum.
The ball python simulacrum vaporises!
The ball python simulacrum bites you. The ball python simulacrum freezes you.
You feel a terrible chill!
The ball python simulacrum barely misses you.
You hit the ball python simulacrum.
The ball python simulacrum is severely damaged.
The ball python simulacrum barely misses you.
The ball python simulacrum grabs you.
The ball python simulacrum constricts you.
The ball python simulacrum closely misses you.
The ball python simulacrum constricts you.
You hit the ball python simulacrum.
The ball python simulacrum vaporises!
The ball python simulacrum barely misses you.
The ball python simulacrum constricts you.
Okay, then.
You hit the ball python simulacrum.
The ball python simulacrum vaporises!
The adder simulacrum bites you but does no damage.
You hit the adder simulacrum.
The adder simulacrum is almost destroyed.
The adder simulacrum barely misses you.
You closely miss the adder simulacrum.
The adder simulacrum is almost destroyed.
The adder simulacrum bites you but does no damage.
You hit the adder simulacrum.
The adder simulacrum vaporises!
Relicbr's ghost hits you!
You hit relicbr's ghost but do no damage.
Relicbr's ghost hits you!
* * * LOW HITPOINT WARNING * * *
Relicbr's ghost says, "They'll have to sweep you off the floor after I'm finished with you!"
Relicbr's ghost hits you!
You die...

..##.## ..... .. ##### .
###...### .##
##.......###..#
#...###....##.# #..##
##....#.# #..# ##...#.#
##h# #...'.##
#...#W°.=.(#...'..#
......#.....##...'..##
..##.##.....#....#...###
#. .....##....#.#.... #
...###....##.##...
#........##..##...
#......## ..###... ##
..# ###'#


You could see relicbr's ghost.

Vanquished Creatures
  An adder (D:2)
  A dart slug (D:2)
  An adder simulacrum (D:3)
  7 ball pythons
  8 endoplasms
  2 giant cockroaches (D:1)
  3 goblins (D:1)
  3 hobgoblins
  6 jackals (D:1)
  2 quokkas (D:1)
  3 ball python simulacra (D:3)
  2 bats
  3 frilled lizards
  4 kobolds
  4 rats
50 creatures vanquished.

Notes
Turn   | Place    | Note
-------+----------+-------------------------------------------
     0 | D:1      | MachoJfn the Djinni Shapeshifter began the quest for the
                  | Orb.
     0 | D:1      | Reached XP level 1. HP: 17/17 MP: 0/0
   140 | D:1      | Reached XP level 2. HP: 17/22 MP: 0/0
   475 | D:1      | Found a faded altar of an unknown god.
   483 | D:1      | Prayed at the altar of an unknown god.
   483 | D:1      | Became a worshipper of Ashenzari the Shackled
   673 | D:1      | Reached XP level 3. HP: 21/27 MP: 0/0
   673 | D:1      | Learned a level 1 spell: Necrotise
  1659 | D:2      | Reached XP level 4. HP: 28/32 MP: 0/0
  2328 | D:3      | Found a shadowy altar of Dithmenos.
  2508 | D:3      | Found a runed translucent gate.
  2508 | D:3      | Found a runed translucent gate.
  2509 | D:3      | Found a runed translucent gate.
  2745 | D:3      | Noticed relicbr's ghost (amateur KoFi)
  2753 | D:3      | Slain by relicbr's ghost

Illustrated notes

Levels and vault maps discovered:
D:1:      matt_arrival_los_fun, layout_loops_corners,
          nicolae_ecumenical_snake_handling
D:2:      layout_basic, st_stairs_2, grunt_ministairs_5, nicolae_the_louvre
D:3:      layout_basic, nicolae_dithmenos_shadow_blocks, gammafunk_ghost_icy,
          serial_shops, shop

Skill      XL: |  1  2 |
---------------+-------+-----
Shapeshifting  | 3 |  3.2
Fighting       | |  1.3
Staves         | |  0.9
Armour         | |  0.2
Dodging        | |  2.7
Stealth        | |  0.4
Unarmed Combat | |  3.5

Action                     |  1- 3 |  4- 6 || total
---------------------------+-------+-------++-------
  Melee: Unarmed           |    21 |       ||    21
         Staff             |    86 |    36 ||   122
         Punch             |     2 |     1 ||     3
 Invoke: Curse Item        |       |     1 ||     1
    Use: Scroll            |     4 |     3 ||     7
         Potion            |     1 |       ||     1
 Armour: Animal skin       |    77 |       ||    77
         Leather armour    |     4 |    14 ||    18
  Dodge: Dodged            |    73 |    14 ||    87

Table legend: (Time is in decaauts)
 A = Elapsed time spent in this place.
 B = Non-inter-level travel time spent in this place.
 C = Inter-level travel time spent in this place.
 D = Time resting spent in this place.
 E = Time spent auto-exploring this place.
 F = Levels seen in this place.
 G = Mean time per level.
                   A        B        C        D        E       F      G
               +--------+--------+--------+--------+--------+-----+--------+
         Total |   2773 |   2464 |    309 |    130 |   1907 |   3 |  924.3 |
       Dungeon |   2773 |   2464 |    309 |    130 |   1907 |   3 |  924.3 |
               +--------+--------+--------+--------+--------+-----+--------+

Top non-repeatable levels by time:
     D:1: 1238 daAuts
     D:2: 1093 daAuts
     D:3: 442 daAuts
